AoeStats
← nikias.marquardt

Fortress

510163938Analyzed
4v4 RM · 3d ago on Sep 29, 2026· 43m 26s· 8 players
Game mode
Random Map
Map size
Huge
Population
200
Speed
Normal
Resources
Standard
Victory
Conquest
Starting age
Dark Age
Ending age
Imperial Age
RankedLock teamsTeams togetherTeam positionsShared explorationLock speedFull tech treeHidden civsTurbo modeCheats
Victory
Defeat
🇹🇷 Mongols · Türkiye
1371
+16
🇧🇪 Danes · Belgium
1366
+16
🇩🇪 Japanese · Germany
1358
+16
🇩🇪 Saracens · Germany
1356
+16
🇵🇪 Cumans · Peru
1391
-16
🇨🇳 Romans · China
1378
-17
🇨🇴 Malians · Colombia
1353
-16
🇳🇱 Teutons · Netherlands
1346
-15
jelle.neyt
7:33 Feudal Age
8:39 Loom
9:07 Double-Bit Axe
9:07 Horse Collar
11:33 Castle Age
10:15 Gold Mining
13:55 Wheelbarrow
13:33 Bow Saw
14:26 Heavy Plow
18:42 Hand Cart
23:42 Imperial Age
21:02 Town Watch
21:54 Stone Mining
21:27 Pikeman
24:10 Gold Shaft Mining
24:10 Stone Shaft Mining
23:53 Scale Mail Armor
24:04 Forging
23:57 Squires
24:01 Halberdier
24:54 Onager
27:20 Ballistics
28:38 Chemistry
27:58 Siege Onager
30:30 Conscription
30:18 Siege Engineers
30:37 Chain Mail Armor
30:57 Iron Casting
31:25 Caravan
32:52 Plate Mail Armor
32:25 Northmen's Fury
33:17 Arson
34:19 Capped Ram
36:30 Blast Furnace
35:21 Fletching
36:08 Siege Ram
40:01 Masonry
40:11 Heavy Scorpion
nikias.marquardt
7:41 Feudal Age
11:37 Castle Age
10:26 Double-Bit Axe
10:24 Horse Collar
12:40 Bow Saw
13:47 Loom
15:12 Bow Saw
18:34 Wheelbarrow
23:32 Imperial Age
21:23 Scale Barding Armor
23:22 Bloodlines
23:13 Husbandry
23:57 Chain Barding Armor
23:55 Heavy Plow
23:56 Light Cavalry
28:32 Hand Cart
29:30 Chemistry
31:37 Plate Barding Armor
32:29 Siege Engineers
33:51 Forging
35:15 Elite Mameluke
35:58 Hussar
38:35 Iron Casting
DaKrankVieh
6:57 Feudal Age
10:59 Castle Age
9:12 Double-Bit Axe
12:33 Wheelbarrow
12:22 Bow Saw
14:24 Loom
16:09 Horse Collar
17:27 Town Watch
18:26 Gold Mining
19:35 Pikeman
23:54 Imperial Age
21:21 Crossbowman
21:55 Fletching
23:53 Ballistics
23:53 Bodkin Arrow
24:52 Bracer
25:27 Thumb Ring
25:43 Arbalester
27:26 Padded Archer Armor
29:30 Chemistry
28:49 Leather Archer Armor
30:05 Halberdier
30:57 Scale Mail Armor
31:16 Squires
32:35 Conscription
34:26 Ring Archer Armor
37:44 Chain Mail Armor
37:26 Guard Tower
38:33 Man-at-Arms
39:16 Arson
40:29 Plate Mail Armor
40:55 Keep
41:33 Caravan
42:36 Arrowslits
42:35 Treadmill Crane
42:41 Arrowslits
44:42 Two-Man Saw
Jun Misugi
6:42 Feudal Age
10:49 Castle Age
9:14 Double-Bit Axe
9:35 Horse Collar
12:27 Bow Saw
12:58 Heavy Plow
16:15 Loom
17:42 Wheelbarrow
18:39 Gold Mining
19:53 Hand Cart
20:46 Stone Mining
25:27 Imperial Age
22:44 Town Watch
24:00 Fletching
24:11 Padded Archer Armor
25:08 Gold Shaft Mining
24:50 Bloodlines
24:41 Husbandry
25:09 Bodkin Arrow
26:20 Leather Archer Armor
26:11 Scale Barding Armor
26:34 Ballistics
27:14 Chemistry
26:57 Conscription
27:14 Thumb Ring
27:27 Masonry
28:19 Chemistry
28:21 Bracer
28:42 Chain Barding Armor
28:49 Light Cavalry
30:00 Fortified Wall
29:32 Elite Mangudai
32:10 Hussar
33:50 Forging
34:40 Stone Shaft Mining
34:20 Scale Mail Armor
34:49 Parthian Tactics
37:53 Iron Casting
39:46 Caravan
juan quevedo
7:54 Feudal Age
11:41 Castle Age
9:28 Double-Bit Axe
11:02 Town Watch
12:48 Bow Saw
12:20 Horse Collar
16:43 Loom
18:05 Wheelbarrow
19:13 Scale Barding Armor
20:31 Husbandry
20:42 Bloodlines
23:20 Hand Cart
24:33 Chain Barding Armor
24:24 Forging
27:35 Imperial Age
26:19 Town Patrol
26:30 Gold Mining
27:44 Tigui
28:45 Farimba
28:16 Heavy Camel Rider
30:37 Chemistry
35:28 Light Cavalry
38:36 Cavalier
benno
6:56 Feudal Age
11:20 Castle Age
9:32 Double-Bit Axe
9:45 Horse Collar
10:20 Loom
12:50 Bow Saw
12:46 Heavy Plow
14:54 Pikeman
16:34 Scale Mail Armor
17:04 Man-at-Arms
18:21 Squires
18:36 Forging
18:57 Gambesons
20:10 Chain Mail Armor
20:13 Arson
20:31 Long Swordsman
22:58 Wheelbarrow
22:10 Town Watch
23:16 Gold Mining
24:31 Iron Casting
24:25 Stone Mining
25:24 Fletching
26:03 Hand Cart
26:58 Masonry
31:27 Imperial Age
29:10 Fortified Wall
31:02 Ironclad
30:41 Bodkin Arrow
31:35 Onager
31:42 Capped Ram
33:17 Crenellations
33:17 Conscription
33:40 Siege Engineers
35:04 Two-Man Saw
36:23 Siege Onager
39:09 Hoardings
38:51 Halberdier
40:09 Plate Mail Armor
42:00 Hoardings
42:11 Padded Archer Armor
DarkOrsted
3:05 Loom
3:32 Loom
4:01 Loom
5:47 Feudal Age
7:14 Double-Bit Axe
7:12 Horse Collar
8:51 Loom
15:16 Loom
16:09 Wheelbarrow
18:03 Castle Age
16:07 Gold Mining
16:07 Stone Mining
20:02 Bow Saw
19:53 Heavy Plow
20:32 Gold Shaft Mining
21:17 Hand Cart
22:30 Loom
26:28 Imperial Age
24:08 Fletching
24:18 Padded Archer Armor
25:29 Bodkin Arrow
25:49 Leather Archer Armor
25:57 Ballistics
25:34 Murder Holes
25:47 Town Watch
27:02 Town Patrol
28:18 Chemistry
27:49 Ring Archer Armor
27:48 Conscription
27:19 Elite Kipchak
29:18 Two-Man Saw
28:33 Guilds
28:31 Caravan
34:01 Bloodlines
35:13 Light Cavalry
35:50 Hussar
38:04 Scale Barding Armor
38:10 Forging
39:24 Chain Barding Armor
40:18 Iron Casting
广州气氛组组长
7:22 Feudal Age
11:09 Castle Age
9:22 Double-Bit Axe
9:28 Horse Collar
14:50 Wheelbarrow
18:45 Bow Saw
19:24 Gold Mining
20:07 Hand Cart
21:55 Gold Shaft Mining
22:00 Heavy Plow
22:44 Stone Mining
26:02 Imperial Age
23:43 Caravan
23:47 Scale Mail Armor
23:58 Forging
24:42 Loom
24:42 Town Watch
26:26 Chain Mail Armor
26:46 Iron Casting
26:02 Fletching
26:12 Padded Archer Armor
26:51 Ballistics
26:38 Ballistas
28:01 Chemistry
26:39 Man-at-Arms
27:20 Squires
26:47 Pikeman
28:01 Siege Engineers
28:58 Blast Furnace
28:06 Scale Barding Armor
27:46 Heavy Scorpion
28:50 Conscription
29:05 Fortified Wall
29:29 Chain Barding Armor
29:08 Bodkin Arrow
28:39 Long Swordsman
28:40 Halberdier
29:47 Legionary
31:39 Comitatenses
33:11 Elite Centurion
34:21 Bloodlines
34:11 Husbandry
34:27 Fortified Wall
34:27 Masonry
34:58 Plate Barding Armor
34:58 Capped Ram
38:07 Leather Archer Armor
38:16 Guilds
Connection lost

Rejoining the realm…

Still unreachable

The connection could not be restored.

Session expired

The server has moved on; the page needs a fresh start.